 Dungeon Crawl Stone Soup version 0.17.0-28-g6e173f8 (webtiles) character file.

15284 lorenzova the Unseen (level 11, 0/47 HPs)
             Began as a Spriggan Enchanter on Nov 26, 2015.
             Was a High Priest of Dithmenos.
             Shot with a bolt of flame by a yaktaur (5 damage)
             ... in a volcano.
             The game lasted 00:49:46 (15124 turns).

lorenzova the Unseen (Spriggan Enchanter)          Turns: 15124, Time: 00:49:46

Health: 0/47       AC:  6    Str:  7    XL:     11   Next: 99%
Magic:  20/24      EV: 34    Int: 18    God:    Dithmenos [*****.]
Gold:   442        SH:  0    Dex: 22    Spells: 2 memorised, 21 levels left

rFire  . . .     SeeInvis +     B - +4 dagger (freeze)
rCold  . . .     Clarity  .     b - +1 robe
rNeg   . . .     SustAt   .     (shield restricted)
rPois  .         Gourm    .     g - +2 hat
rElec  .         Spirit   .     (no cloak)
rCorr  .         Warding  .     (gloves unavailable)
rMut   .         Stasis   .     (boots unavailable)
MR     +....                    (no amulet)
Stlth  ++++++++++               r - +3 ring of dexterity
                                X - ring of the Octopus King {Wiz AC+1 EV+1 Str+1 Int+1 Dex+1}

@: wreathed by umbra, very quick, somewhat resistant to hostile enchantments,
uncannily stealthy
A: unfitting armour, see invisible, herbivore 3, speed 3, slow metabolism 2
a: Shadow Step, Shadow Form, Renounce Religion


You were in a volcano.
You worshipped Dithmenos.
Dithmenos was extremely pleased with you.
You were completely stuffed.

You visited 2 branches of the dungeon, and saw 13 of its levels.
You also visited: Labyrinth, Ossuary and Volcano.

You collected 1010 gold pieces.
You spent 568 gold pieces at shops.

Inventory:

Hand Weapons
 B - a +4 dagger of freezing (weapon)
 L - a +1 dagger of electrocution
Armour
 b - a +1 robe (worn)
 g - a +2 hat (worn)
Jewellery
 j - an uncursed ring of sustain attributes
 r - a +3 ring of dexterity (right hand)
 M - an uncursed ring of poison resistance
 X - a ring of the Octopus King (left hand) {Wiz AC+1 EV+1 Str+1 Int+1 Dex+1}
   (You bought it in a shop on level 11 of the Dungeon)

   [ring of wizardry]

   It improves your spell success rate.
   It affects your AC (+1).
   It affects your evasion (+1).
   It affects your strength (+1).
   It affects your intelligence (+1).
   It affects your dexterity (+1).
Wands
 m - a wand of draining (15)
 R - a wand of paralysis (11)
 U - a wand of frost (16)
 Y - a wand of cold (5)
Scrolls
 e - 2 scrolls of fear
 f - 2 scrolls of fog
 k - a scroll of magic mapping
 n - a scroll of blinking
 p - a scroll of enchant armour
 u - 3 scrolls of enchant weapon
 w - 4 scrolls of amnesia
 H - 10 scrolls of remove curse
 N - a scroll of brand weapon
Potions
 h - 2 potions of resistance
 i - a potion of ambrosia
 q - 7 potions of curing
 s - a potion of lignification
 t - a potion of invisibility
 x - 4 potions of heal wounds
 D - 2 potions of flight
 E - 4 potions of haste
 F - a potion of mutation
 G - 5 potions of might
 I - 4 potions of berserk rage
 J - 4 potions of agility
 P - a potion of cancellation {unknown}
Books
 c - a book of Maledictions

   Spells                             Type                      Level
   a - Corona                         Hexes                        1
   b - Ensorcelled Hibernation        Hexes/Ice                    2
   c - Confuse                        Hexes                        3
   d - Tukima's Dance                 Hexes                        3
   e - Dazzling Spray                 Conjuration/Hexes            3
 z - a book of Hinderance

   Spells                             Type                      Level
   a - Confusing Touch                Hexes                        2
   b - Confuse                        Hexes                        3
   c - Gell's Gravitas                Hexes/Translocation          3
   d - Petrify                        Transmutation/Earth          4
   e - Metabolic Englaciation         Hexes/Ice                    5
 O - a Necronomicon

   Spells                             Type                      Level
   a - Haunt                          Necromancy/Summoning         7
   b - Borgnjor's Revivification      Necromancy                   8
   c - Death's Door                   Charms/Necromancy            8
   d - Necromutation                  Transmutation/Necromancy     8
 Q - a book of the Sky

   Spells                             Type                      Level
   a - Summon Lightning Spire         Summoning/Air                4
   b - Airstrike                      Air                          4
   c - Silence                        Hexes/Air                    5
   d - Deflect Missiles               Charms/Air                   6
   e - Conjure Ball Lightning         Conjuration/Air              6
   f - Tornado                        Air                          9
 T - a book of Necromancy

   Spells                             Type                      Level
   a - Pain                           Necromancy                   1
   b - Animate Skeleton               Necromancy                   1
   c - Vampiric Draining              Necromancy                   3
   d - Regeneration                   Charms/Necromancy            3
   e - Animate Dead                   Necromancy                   4
   f - Control Undead                 Necromancy                   4
 V - a book of the Dragon

   Spells                             Type                      Level
   a - Flame Tongue                   Conjuration/Fire             1
   b - Cause Fear                     Hexes                        4
   c - Bolt of Fire                   Conjuration/Fire             6
   d - Dragon Form                    Transmutation                7
   e - Dragon's Call                  Summoning                    9
 Z - a book of Callings

   Spells                             Type                      Level
   a - Summon Small Mammal            Summoning                    1
   b - Call Imp                       Summoning                    2
   c - Call Canine Familiar           Summoning                    3
   d - Summon Guardian Golem          Hexes/Summoning              3
   e - Summon Lightning Spire         Summoning/Air                4
   f - Summon Ice Beast               Ice/Summoning                4
Comestibles
 d - 8 bread rations
 A - 8 fruits
 C - a royal jelly


   Skills:
 * Level 10.8 Short Blades
 + Level 14.0 Dodging
 + Level 15.4 Stealth
 - Level 8.1 Spellcasting
 - Level 8.8 Hexes


You had 21 spell levels left.
You knew the following spells:

 Your Spells              Type           Power        Failure   Level  Hunger
b - Ensorcelled Hibernat  Hex/Ice        ###...       1%          2    None
c - Confuse               Hex            #####...     1%          3    #......


Dungeon Overview and Level Annotations

Branches:
Dungeon (11/15)            Temple (0/1) D:6            Lair (2/8) D:11
    Orc (0/4) D:11

Altars:
Ashenzari
Cheibriados
Dithmenos
Elyvilon
Fedhas
Gozag
Okawaru
Ru
Sif Muna
Vehumet
Xom
Zin
The Shining One

Shops:
D:5 (   D:6 (   D:11 =


Innate Abilities, Weirdness & Mutations

You are tiny and cannot use many weapons and most armour.
You have supernaturally acute eyesight.
You are a herbivore.
You cover ground extremely quickly.
You need consume almost no food.


Message History

The yaktaur is moderately wounded.
You hit the yaktaur but do no damage.
The yaktaur is moderately wounded.
You strike the helpless yaktaur from behind!
You skewer the yaktaur like a kebab!!! You freeze the yaktaur.
You kill the yaktaur!
Dithmenos accepts your kill.
Your Dodging skill increases to level 14!
You start resting.
Casting: Confuse
Confirm with . or Enter, or press ? or * to list all spells.
Aiming: Confuse
Press: ? - help, Shift-Dir - straight line, f - yaktaur
Aim: a yaktaur, wielding an arbalest (hasn't noticed you, umbra, chance to defeat MR: 50%)
The yaktaur shouts!
The yaktaur resists with some effort.
The yaktaur shoots a bolt of flame.
The bolt of flame hits you!!
* * * LOW HITPOINT WARNING * * *
The bolt of flame burns you.
You die...

≈### # ##.# ##≈
#..'.)c).+
#§≈≈##..c.._..+
§§§§#...#c....#
≈§§≈#...#######
§≈≈≈#...+[!.))+
≈≈§≈#...#..≈..#
≈≈≈≈#.)@#8≈≈≈8# ≈
##..'..≈..+
#..'.....+
≈##.#8...8# #≈§
§§###.....###§≈≈
≈§≈≈≈≈.....§≈≈≈≈#
§≈§≈≈≈8...8≈≈≈≈##
#≈≈§§§.....§≈###
###§§§.....≈≈#


You could see a yaktaur.

Vanquished Creatures
  A minotaur (Lab)
  A hydra (Lair:1)
  2 hill giants (D:11)
  A cyclops (D:11)
  A black mamba (Lair:1)
  3 ugly things (D:11)
  A gargoyle (D:10)
  A yaktaur (Volcano)
  A kobold demonologist (D:11)
  The ghost of root the Chucker, an amateur OgHu (D:4)
  2 komodo dragons (Lair:1)
  3 trolls
  Grinder (D:5)
  A two-headed ogre (D:10)
  A minotaur skeleton (Lab)
  The ghost of ThereIsNoGod the Shield-Bearer, an amateur TrFi of Ashenzari (D:3)
  3 deep elf magi
  A basilisk (Lab)
  4 yaks (Lair:1)
  A hippogriff (Lair:2)
  A wyvern (D:10)
  Menkaure (D:6)
  Edmund (D:6)
  4 water moccasins
  Duvessa (D:6)
  3 orc warriors
  5 ice beasts
  A necrophage (D:9)
  7 ogres
  2 crocodiles (D:9)
  A porcupine (Lair:1)
  6 centaurs
  6 giant frogs
  A gnoll sergeant (D:10)
  3 big kobolds
  Dowan (D:6)
  A wyvern skeleton (D:9)
  A water moccasin zombie (Ossuary)
  11 killer bees
  4 scorpions
  6 crimson imps
  2 giant frog zombies
  3 jellies
  13 iguanas
  3 orc priests
  2 centaur skeletons
  2 giant frog skeletons
  4 hounds
  7 orc wizards
  11 worker ants
  Terence (D:2)
  Natasha (D:2)
  A killer bee zombie (D:9)
  4 sheep (D:11)
  A big kobold zombie (Ossuary)
  A hound zombie (D:10)
  3 mummies
  A worker ant zombie (D:9)
  A hound skeleton (D:5)
  15 adders
  10 gnolls
  16 river rats
  A shadow imp (D:8)
  2 oozes
  An adder skeleton (D:5)
  7 adder zombies
  4 worms
  4 giant geckos
  29 orcs
  5 bats
  5 giant cockroaches
  12 goblins
  11 hobgoblins
  6 jackals
  6 quokkas
  2 ball pythons (D:4)
  A giant gecko skeleton (D:8)
  9 giant newts
  4 gnoll zombies (Ossuary)
  A goblin zombie (D:7)
  3 hobgoblin zombies (Ossuary)
  22 kobolds
  5 kobold zombies (Ossuary)
  7 orc zombies
  18 rats
365 creatures vanquished.

Vanquished Creatures (collateral kills)
  A gnoll (D:10)
1 creature vanquished.

Vanquished Creatures (others)
  An adder zombie (Ossuary)
1 creature vanquished.

Grand Total: 367 creatures vanquished

Notes
Turn   | Place    | Note
--------------------------------------------------------------
     0 | D:1      | lorenzova the Spriggan Enchanter began the quest for the Orb.
     0 | D:1      | Reached XP level 1. HP: 9/9 MP: 5/5
    81 | D:1      | Reached XP level 2. HP: 11/13 MP: 7/7
    87 | D:1      | Learned a level 2 spell: Ensorcelled Hibernation
   666 | D:2      | Reached XP level 3. HP: 16/16 MP: 8/8
   671 | D:2      | Learned a level 3 spell: Confuse
   799 | D:2      | Noticed Terence
   807 | D:2      | Killed Terence
   807 | D:2      | Reached skill level 5 in Hexes
   893 | D:2      | Reached XP level 4. HP: 21/21 MP: 8/11
  1544 | D:2      | Reached XP level 5. HP: 22/24 MP: 2/13
  1688 | D:2      | Noticed Natasha
  1698 | D:2      | Killed Natasha
  1698 | D:2      | Reached skill level 5 in Spellcasting
  1814 | D:2      | Reached skill level 6 in Hexes
  2217 | D:3      | Noticed ThereIsNoGod's ghost (amateur TrFi)
  2286 | D:3      | Killed ThereIsNoGod's ghost
  2286 | D:3      | Reached skill level 7 in Hexes
  2286 | D:3      | Reached XP level 6. HP: 16/28 MP: 8/16
  2439 | D:3      | Found a radiant altar of Vehumet.
  2442 | D:3      | Found a deep blue altar of Sif Muna.
  2446 | D:3      | Found a sacrificial altar of Ru.
  2842 | D:4      | Noticed root's ghost (amateur OgHu)
  2952 | D:4      | Killed root's ghost
  2952 | D:4      | Reached XP level 7. HP: 24/32 MP: 8/18
  3176 | D:4      | Found an iron altar of Okawaru.
  3198 | D:4      | Reached skill level 8 in Hexes
  3609 | D:4      | Found a glowing silver altar of Zin.
  3610 | D:4      | Found a glowing golden altar of the Shining One.
  3611 | D:4      | Found a white marble altar of Elyvilon.
  3654 | D:4      | Found an opulent altar of Gozag.
  3794 | D:5      | Entered Level 5 of the Dungeon
  3794 | D:5      | Found Beseig's Weapon Boutique.
  3886 | D:5      | Reached XP level 8. HP: 30/36 MP: 17/21
  3900 | D:5      | Reached skill level 5 in Stealth
  3905 | D:5      | HP: 1/36 [gnoll/flail (12)]
  4543 | D:5      | Reached skill level 5 in Dodging
  4617 | D:5      | Noticed Grinder
  4634 | D:5      | Killed Grinder
  4903 | D:5      | Found a shadowy altar of Dithmenos.
  4914 | D:5      | Became a worshipper of Dithmenos the Shadowed
  5402 | D:6      | Noticed Edmund
  5402 | D:6      | Noticed Menkaure
  5409 | D:6      | Killed Edmund
  5418 | D:6      | Killed Menkaure
  5418 | D:6      | Reached skill level 9 in Stealth
  5673 | D:6      | Reached XP level 9. HP: 39/39 MP: 19/22
  5674 | D:6      | Found Bagiwam's Weapon Shop.
  5730 | D:6      | Found a snail-covered altar of Cheibriados.
  5828 | D:6      | Noticed Dowan
  5831 | D:6      | Found a blossoming altar of Fedhas.
  5832 | D:6      | Noticed Duvessa
  5834 | D:6      | Killed Duvessa
  5842 | D:6      | Killed Dowan
  5842 | D:6      | Reached * piety under Dithmenos
  5861 | D:6      | Found a staircase to the Ecumenical Temple.
  5954 | D:7      | Reached skill level 10 in Stealth
  5969 | D:7      | Found a sand-covered staircase.
  5974 | Ossuary  | Entered an ossuary
  6511 | Ossuary  | Reached ** piety under Dithmenos
  6816 | D:7      | Found a shattered altar of Ashenzari.
  6968 | D:7      | Found a shimmering altar of Xom.
  7171 | D:7      | Reached skill level 11 in Stealth
  7303 | D:7      | Found a shadowy altar of Dithmenos.
  7453 | D:8      | Reached skill level 10 in Dodging
  7639 | D:8      | Reached *** piety under Dithmenos
  8400 | D:9      | Reached skill level 12 in Stealth
  8482 | D:9      | Reached XP level 10. HP: 41/44 MP: 0/23
  9414 | D:10     | Entered Level 10 of the Dungeon
  9482 | D:10     | Reached skill level 13 in Stealth
  9670 | D:10     | Reached skill level 5 in Short Blades
 10818 | D:10     | Reached **** piety under Dithmenos
 11299 | D:11     | Found Rock's Jewellery Emporium.
 11305 | D:11     | Bought a ring of the Octopus King {Wiz AC+1 EV+1 Str+1 Int+1 Dex+1} for 568 gold pieces
 11332 | D:11     | Noticed a hill giant
 11336 | D:11     | Noticed a hill giant
 11337 | D:11     | Killed a hill giant
 11344 | D:11     | Killed a hill giant
 11344 | D:11     | Reached skill level 14 in Stealth
 11344 | D:11     | Reached XP level 11. HP: 47/47 MP: 24/24
 11448 | D:11     | Found a staircase to the Orcish Mines.
 11499 | D:11     | Noticed a red ugly thing
 11520 | D:11     | Killed a red ugly thing
 11616 | D:11     | Found a staircase to the Lair.
 11639 | D:11     | Noticed a white ugly thing
 11647 | D:11     | Killed a white ugly thing
 11658 | D:11     | Noticed a cyan ugly thing
 11666 | D:11     | Killed a cyan ugly thing
 11775 | D:11     | Noticed a cyclops
 11782 | D:11     | Killed a cyclops
 12053 | Lair:1   | Entered Level 1 of the Lair of Beasts
 12122 | Lair:1   | Reached ***** piety under Dithmenos
 12136 | Lair:1   | Found a labyrinth entrance.
 12145 | Lab      | Entered a labyrinth
 14206 | Lab      | Noticed a minotaur
 14225 | Lab      | Killed a minotaur
 14225 | Lab      | Reached skill level 15 in Stealth
 14365 | Lair:1   | Noticed an eight-headed hydra
 14375 | Lair:1   | Killed an eight-headed hydra
 14375 | Lair:1   | Reached skill level 10 in Short Blades
 15056 | Lair:2   | Found a dark tunnel.
 15069 | Volcano  | Entered a volcano
 15088 | Volcano  | Found a bloodstained altar of Trog.
 15089 | Volcano  | Noticed a centaur warrior
 15124 | Volcano  | Shot with a bolt of flame by a yaktaur

Action                   |  1- 3 |  4- 6 |  7- 9 | 10-12 || total
-------------------------+-------+-------+-------+-------++-------
Melee: Dagger            |    94 |   198 |   527 |   368 ||  1187
 Cast: Ensorcelled Hiber |     3 |    14 |    24 |    13 ||    54
       Confuse           |       |    14 |    45 |    32 ||    91
  Use: Scroll            |       |     2 |     6 |    25 ||    33
       Potion            |       |       |     3 |       ||     3
 Stab: Sleeping          |     9 |    19 |    51 |    71 ||   150
       Confused          |       |    15 |    32 |    17 ||    64
       Invisible         |       |       |     2 |       ||     2
       Distracted        |       |       |     1 |     1 ||     2
  Eat: Bread ration      |       |     1 |       |     2 ||     3
       Pizza             |       |       |     2 |     1 ||     3
       Royal jelly       |       |       |       |     1 ||     1
